Monk Dude, lawful male human Monk --- ----.-- --- ----.....-----------------.-- --...........................| |.........----------------...... |...........--- --- --...... --*|..........--..-- --..... -----..- -........| |...).. --..---......(.| -...%. |....|..----...----- |..... |.......| --....--.-- ---.... ---.....- |..........------*.- |......|--......YY....%....| --.%....| |......@....----.-- |......-| ---....... |......^| |*<....- ---....-- |.... ---...| --.. |...| ----- Monk Dude the Initiate Experience level: 6 Strength: 18 Dexterity: 12 Constitution: 15 Intelligence: 10 Wisdom: 14 Charisma: 9 Health: 0(54) Energy: 40(45) Def: 7 Gold: 187 Moves: 1530 Dungeon seed: JDtvrcM2NB3oPBzX Game ID: Monk Dude_1554748121 Your Inventory: Coins $ - 187 gold pieces Armor e - an uncursed +2 pair of leather gloves (being worn) n - an uncursed +1 robe (being worn) q - an uncursed +0 pair of iron shoes y - an uncursed +0 dwarvish iron helm (being worn) z - a cursed -2 pair of water walking boots (being worn) Comestibles f - 12 uncursed food rations g - 8 uncursed apples h - 8 uncursed oranges i - 4 uncursed fortune cookies Scrolls b - an uncursed scroll of light k - an uncursed scroll of blank paper w - a cursed scroll of food detection Spellbooks a - a blessed spellbook of sleep x - an uncursed spellbook of invisibility Potions v - a blessed potion of object detection B - an uncursed potion of speed C - an uncursed potion of invisibility Rings s - an uncursed ring of poison resistance Wands r - a wand of striking (0:4) t - a wand of magic missile (0:6) A - a wand of create monster (0:12) Tools l - a magic marker (0:31) m - an uncursed skeleton key p - an uncursed bag of holding Spells and supernatural/magical abilities: Name Level Category Fail Memory z - sleep 1 enchantment 0% 93% W - pray for help -- divine ? -- Your skills at the end: Fighting Skills martial arts [Basic] Weapon Skills Spellcasting Skills healing spells [Basic] Final Attributes: You were piously aligned. You were sleep resistant. You were poison resistant. You saw invisible. You were stealthy. You could walk on water. You were fast. You are dead. Vanquished creatures: a small mimic a gnome king 2 apes a bugbear a wood nymph 5 gnome lords a black naga hatchling 4 dwarves 4 rothes a hobbit a cave spider 20 gnomes 2 jackals 7 grid bugs 4 newts 55 creatures vanquished. Voluntary challenges: You followed a strict vegan diet. You never hit with a wielded weapon. You read items or engraved 1 time, starting on turn 216. You never genocided any monsters. You never polymorphed an object. You never changed form. You used no wishes. You never split a pudding. You never wrote Elbereth's name. You violated your moral code, losing 13 points of alignment, starting on turn 1231. Dungeon overview: The Dungeons of Doom: levels 1 to 3 Level 1 a long staircase Level 2 a hardware shop Level 3 an altar to Chih Sung-tzu stairs to The Gnomish Mines The Gnomish Mines: levels 4 to 6 Level 4 stairs to The Dungeons of Doom Level 5 Level 6 <- You were here History has recorded: On T:1 you entered the Dungeons of Doom to retrieve the Amulet of Yendor! On T:326 you reached level 2 of The Dungeons of Doom. On T:558 you advanced to experience level 2. On T:644 you reached level 3 of The Dungeons of Doom. On T:724 you advanced to experience level 3. On T:888 you reached level 1 of The Gnomish Mines. On T:949 you advanced to experience level 4. On T:1028 you reached level 2 of The Gnomish Mines. On T:1059 you advanced to experience level 5. On T:1360 you advanced to experience level 6. On T:1384 you reached level 3 of The Gnomish Mines. Score breakdown: Gold: 187 ( 7735 points) Experience: 6 levels (12456 points) Exploration: 6 levels ( 12.50%) ( 9784 points) Discoveries: 9 items ( 3.21%) ( 5378 points) Valuables value: (no points given unless you survive) Artifact value: 0 ( 0 points) Variety of kills: 15 monsters ( 3.94%) ( 5952 points) Turncount: 1530 turns ( 0 points) Survival: died (score multiplied by 80%) Total score: 33044 Latest messages: The ape bites! The sleep ray hits it. The ape hits! (2x) The ape bites! You feel better. You hit the ape! The ape hits! The ape misses. The ape bites! You feel more confident in your fighting skills. You hit the ape! The ape hits! (2x) The ape bites! You kill the ape! You see here an ape corpse. The ape hits! (2x) The ape bites! You die... The bag of holding is empty. Final status: Goodbye Monk Dude the Monk, killed by an ape... You died in The Gnomish Mines on dungeon level 6 with 33044 points, and 187 pieces of gold, after 1530 moves. You were level 6 with a maximum of 54 hit points when you died.